AoeStats
← Kýlê

Arena

507119488Analyzed
3v3 RM · 16d ago on Sep 16, 2026· 44m 7s· 6 players
Game mode
Random Map
Map size
Normal (6 player)
Population
200
Speed
Normal
Resources
Standard
Victory
Conquest
Starting age
Dark Age
Ending age
Imperial Age
RankedLock teamsTeams togetherTeam positionsShared explorationLock speedFull tech treeHidden civsTurbo modeCheats
Victory
Defeat
🇩🇪 Romans · Germany
879
+16
🇨🇱 Persians · Chile
875
+16
🇦🇷 Vikings · Argentina
853
+16
🇩🇪 Persians · Germany
879
-40
🇩🇪 Spanish · Germany
879
-40
🇩🇪 Franks · Germany
879
-40
AOE2DE_NOOB
9:01 Loom
12:38 Feudal Age
13:19 Double-Bit Axe
13:20 Horse Collar
17:44 Castle Age
17:16 Stone Mining
16:53 Man-at-Arms
18:28 Long Swordsman
22:15 Forging
22:15 Heavy Plow
22:34 Scale Mail Armor
22:31 Gold Mining
24:55 Squires
24:41 Gambesons
24:42 Arson
29:50 Imperial Age
28:55 Bow Saw
31:05 Gold Shaft Mining
31:14 Iron Casting
32:36 Two-Man Saw
31:11 Two-Handed Swordsman
33:18 Chieftains
34:39 Chain Mail Armor
35:25 Blast Furnace
35:20 Champion
37:10 Plate Mail Armor
37:29 Conscription
37:43 Elite Berserk
39:47 Fletching
39:58 Padded Archer Armor
Kenny
0:25 Loom
11:56 Feudal Age
13:47 Double-Bit Axe
14:43 Horse Collar
18:56 Castle Age
17:49 Forging
18:34 Gold Mining
18:39 Stone Mining
20:04 Bow Saw
20:34 Gold Shaft Mining
22:07 Wheelbarrow
22:28 Heavy Plow
24:15 Iron Casting
27:37 Pikeman
28:18 Squires
28:20 Husbandry
28:31 Bloodlines
28:49 Hand Cart
28:20 Town Watch
28:51 Ballistas
32:45 Imperial Age
32:04 Scale Barding Armor
32:47 Heavy Scorpion
33:49 Conscription
34:35 Chemistry
33:56 Guilds
34:02 Halberdier
35:44 Blast Furnace
34:44 Scale Mail Armor
37:20 Chain Mail Armor
Valley of happiness
2:21 Loom
11:00 Feudal Age
12:55 Wheelbarrow
17:21 Castle Age
15:21 Double-Bit Axe
15:57 Stone Mining
16:45 Horse Collar
17:02 Gold Mining
20:10 Heavy Plow
21:47 Bow Saw
21:45 Town Watch
23:51 Gold Shaft Mining
28:03 Husbandry
29:39 Bloodlines
31:28 Forging
31:27 Scale Barding Armor
33:36 Iron Casting
33:46 Hand Cart
34:00 Chain Barding Armor
34:43 Stone Shaft Mining
34:33 Devotion
34:55 Fletching
40:23 Imperial Age
40:06 Masonry
40:18 Ballistics
41:56 Crop Rotation
41:25 Murder Holes
42:36 Two-Man Saw
43:50 Elite War Elephant
virulus
0:57 Loom
12:33 Feudal Age
15:41 Wheelbarrow
15:08 Gold Mining
15:08 Double-Bit Axe
27:53 Castle Age
28:55 Hand Cart
29:02 Bow Saw
29:37 Gold Shaft Mining
34:10 Squires
41:40 #83
Art of War
11:51 Feudal Age
12:50 Double-Bit Axe
16:23 Castle Age
14:47 Double-Bit Axe
14:44 Horse Collar
15:19 Gold Mining
17:47 Bow Saw
19:23 Heavy Plow
20:31 Loom
25:32 Husbandry
25:43 Bloodlines
26:17 Stone Mining
28:41 Wheelbarrow
32:37 Imperial Age
30:29 Forging
30:20 Scale Mail Armor
30:25 Scale Barding Armor
31:22 Caravan
31:56 Coinage
31:09 Light Cavalry
31:12 Pikeman
31:54 Squires
32:25 Halberdier
33:47 Iron Casting
33:14 Scale Mail Armor
33:37 Chain Barding Armor
33:05 Capped Ram
33:08 Cavalier
33:38 Arson
35:25 Two-Man Saw
35:02 Gold Shaft Mining
35:04 Stone Shaft Mining
35:01 Crop Rotation
34:30 Elite Skirmisher
35:20 Kamandaran
Kýlê
12:34 Feudal Age
17:52 Castle Age
16:05 Horse Collar
16:33 Double-Bit Axe
19:18 Wheelbarrow
19:04 Stone Mining
19:51 Heavy Plow
22:00 Light Cavalry
22:56 Padded Archer Armor
27:01 Stone Shaft Mining
27:16 Bow Saw
27:46 Bloodlines
28:51 Husbandry
29:06 Gold Mining
29:36 Hand Cart
29:07 Loom
30:24 Caravan
32:18 Ballistics
31:54 Murder Holes
32:51 Inquisition
33:04 Forging
33:11 Leather Archer Armor
37:40 Imperial Age
36:52 Masonry
36:52 Fortified Wall
36:56 Redemption
36:47 Atonement
37:40 Iron Casting
37:12 Scale Barding Armor
39:37 Blast Furnace
39:22 Conscription
39:55 Cavalier
41:14 Coinage
40:55 Guilds
41:52 Two-Man Saw
Connection lost

Rejoining the realm…

Still unreachable

The connection could not be restored.

Session expired

The server has moved on; the page needs a fresh start.